Map: [ESL] Oceanborn

Players

LiquidClem (Clem) - Winner!

  • Race: Terran Terran
  • League: Grandmaster
  • Spawn Location: 11:00

ShaDoWn

  • Race: Protoss Protoss
  • League: Master
  • Spawn Location: 5:00

Event: HomeStory Cup XXIV

VOD

Have the link to the VOD?

Description

Time

  • Played on: Dec. 1, 2023, 11:54 a.m.
  • Length: 10:00

All games in this series

Show
View Real Time Build Order
Export as new Build Order

LiquidClem Terran - Winner!

Build Orders: Reaper Expand 

Get SALT Encoding   

  12  0:00  SCV  
  13  0:12  SCV  
  14  0:17  Supply Depot  
  14  0:24  SCV  
  15  0:39  SCV  
  15  0:40  Barracks  
  16  0:44  Refinery  
  16  0:51  SCV  
  17  1:03  SCV  
  18  1:15  SCV  
  19  1:27  Orbital Command, Reaper  
  20  1:39  Command Center  
  20  1:47  Supply Depot  
  20  1:52  SCV  
  21  1:59  Marine  
  22  2:05  SCV  
  22  2:07  Factory  
  23  2:14  Refinery  
  23  2:17  SCV  
  23  2:20  Barracks Reactor  
  24  2:29  SCV  
  25  2:42  SCV  
  28  2:51  Hellion  
  28  2:54  Starport  
  28  2:56  Orbital Command  
  28  2:57  SCV, Marine x2  
  31  3:09  SCV  
  32  3:13  Supply Depot, Widow Mine  
  32  3:15  Marine x2  
  36  3:21  SCV x2  
  38  3:30  Medivac  
  38  3:33  SCV x2  
  42  3:34  Widow Mine  
  42  3:38  Barracks  
  42  3:39  Marine  
  42  3:40  Marine  
  46  3:45  SCV  
  46  3:46  SCV  
  48  3:50  Supply Depot  
  48  3:56  Factory Tech Lab  
  48  3:57  SCV  
  48  3:58  SCV  
  48  3:59  Barracks  
  48  4:01  Marine x2  
  52  4:03  Starport Tech Lab  
  52  4:09  SCV  
  53  4:12  Supply Depot  
  53  4:13  SCV  
  54  4:18  Marine x2  
  54  4:20  Engineering Bay  
  54  4:22  Raven  
  54  4:23  SCV  
  59  4:24  Factory Reactor  
  59  4:27  SCV  
  59  4:29  Refinery  
  60  4:35  SCV  
  60  4:36  Marine x2  
  63  4:39  SCV  
  61  4:46  Stimpack, Marauder  
  61  4:48  SCV  
  61  4:51  Supply Depot, SCV, Refinery  
  61  4:55  Marine x2  
  61  4:59  Terran Infantry Weapons Level 1  
  63  5:00  SCV  
  63  5:02  Marauder  
  63  5:03  SCV  
  63  5:05  Supply Depot  
  67  5:08  Marine  
  67  5:09  Combat Shield  
  67  5:12  SCV  
  69  5:17  Marine x2  
  69  5:18  SCV  
  72  5:23  Supply Depot  
  72  5:24  Marauder  
  72  5:26  Marauder  
  72  5:27  SCV  
  76  5:31  SCV  
  76  5:36  Marine  
  76  5:37  Marine  
  76  5:39  Supply Depot  
  76  5:40  Starport Reactor  
  78  5:45  Marauder  
  78  5:47  Factory Reactor, Supply Depot  
  82  5:50  Marauder  
  82  5:51  Medivac x2  
  82  5:54  Marine x2  
  82  5:56  Supply Depot  
  87  6:06  Marauder  
  86  6:12  Marine x2  
  86  6:13  Command Center  
  86  6:17  Marauder  
  88  6:23  Barracks  
  88  6:24  Barracks  
  88  6:25  Concussive Shells  
  88  6:26  Widow Mine x2  
  88  6:31  Marine x2  
  94  6:37  Medivac x2  
  98  6:41  Marauder  
  98  6:46  Supply Depot  
  100  6:48  Widow Mine x2  
  100  6:50  Marine, Marauder  
  100  6:51  Marine  
  100  6:52  SCV  
  100  6:53  SCV  
  100  6:54  Terran Infantry Armor Level 1  
  100  7:04  SCV, Marauder  
  100  7:08  Marine x2  
  100  7:10  SCV, Medivac x2  
  100  7:12  Barracks Reactor, Barracks Tech Lab  
  100  7:13  Barracks Tech Lab, Widow Mine  
  109  7:21  SCV  
  109  7:22  SCV, Marauder  
  112  7:27  Orbital Command  
  112  7:29  Marine  
  113  7:30  Marine  
  113  7:31  Marauder x2  
  113  7:33  SCV  
  113  7:35  SCV  
  113  7:36  Widow Mine  
  113  7:37  Widow Mine  
  125  7:38  Supply Depot  
  125  7:42  Marauder  
  127  7:45  SCV  
  127  7:49  Marine x2  
  127  7:50  SCV  
  127  7:51  Marauder  
  133  7:52  SCV  
  133  7:57  Widow Mine  
  133  7:58  Marauder  
  131  8:01  SCV  
  131  8:02  SCV  
  125  8:06  Viking x2  
  125  8:08  Marine  
  125  8:11  Marauder, SCV  
  125  8:12  Marine  
  134  8:13  SCV  
  134  8:14  SCV, Marauder x2  
  140  8:21  Refinery  
  140  8:24  Ghost Academy  
  140  8:25  Supply Depot  
  140  8:28  Engineering Bay  
  140  8:29  Armory  
  140  8:31  SCV  
  140  8:33  SCV  
  136  8:34  SCV  
  136  8:35  Marauder, Marine  
  136  8:36  Viking  
  139  8:42  Refinery  
  139  8:43  Bunker, SCV  
  139  8:45  Viking  
  139  8:46  Marauder  
  142  8:49  Widow Mine  
  142  8:50  Marauder  
  142  8:51  Marine  
  142  8:52  Marauder  
  142  8:53  Marine  
  145  8:57  Marauder  
  145  9:01  Supply Depot  
  142  9:08  Marauder  
  144  9:10  Command Center  
  144  9:14  Supply Depot  
  144  9:16  Marine  
  145  9:18  Ghost x2  
  145  9:20  Ghost, Missile Turret  
  151  9:24  SCV x2  
  151  9:25  SCV  
  153  9:31  Marine  
  156  9:40  Marine  
Show
View Real Time Build Order
Export as new Build Order

ShaDoWn Protoss 

Build Orders: 1 Gate Expand, Blink Stalkers, Colossus Rush 

Get SALT Encoding   

  12  0:00  Probe  
  13  0:12  Probe  
  14  0:16  Pylon  
  14  0:24  Probe  
  15  0:34  Gateway  
  15  0:37  Probe (Chrono Boost)  
  15  0:42  Assimilator  
  16  0:47  Probe (Chrono Boost)  
  17  0:51  Probe (Chrono Boost)  
  18  1:03  Probe  
  19  1:15  Probe  
  20  1:21  Nexus  
  20  1:30  Cybernetics Core  
  20  1:33  Probe  
  20  1:38  Assimilator  
  21  1:45  Probe  
  22  1:48  Pylon  
  22  1:57  Probe  
  23  2:03  Adept (Chrono Boost)  
  23  2:08  Warp Gate  
  25  2:09  Probe  
  26  2:15  Twilight Council  
  26  2:21  Probe  
  27  2:26  Stalker  
  29  2:34  Probe (Chrono Boost)  
  29  2:35  Probe (Chrono Boost)  
  31  2:47  Probe (Chrono Boost)  
  31  2:51  Blink (Chrono Boost), Probe (Chrono Boost)  
  33  2:53  Probe (Chrono Boost)  
  33  2:58  Probe  
  35  3:01  Probe  
  36  3:07  Gateway  
  36  3:10  Probe  
  37  3:13  Robotics Facility  
  37  3:15  Probe  
  38  3:22  Probe  
  39  3:27  Probe  
  39  3:28  Pylon  
  40  3:34  Probe  
  40  3:39  Probe  
  42  3:44  Nexus  
  42  3:46  Probe  
  43  3:50  Pylon  
  43  3:51  Probe  
  43  3:58  Probe, Stalker  
  43  4:00  Observer  
  43  4:02  Stalker  
  49  4:04  Probe  
  50  4:10  Probe  
  50  4:12  Assimilator x2  
  50  4:16  Probe  
  52  4:21  Observer  
  52  4:22  Probe, Stalker  
  56  4:25  Stalker  
  56  4:27  Pylon  
  56  4:28  Probe  
  59  4:34  Probe  
  59  4:40  Probe (Chrono Boost)  
  55  4:47  Probe (Chrono Boost)  
  55  4:52  Probe (Chrono Boost)  
  57  4:53  Robotics Bay  
  57  4:54  Forge  
  57  4:57  Probe (Chrono Boost)  
  57  4:59  Probe (Chrono Boost)  
  60  5:00  Probe (Chrono Boost)  
  60  5:05  Gateway  
  60  5:06  Probe (Chrono Boost)  
  60  5:07  Probe (Chrono Boost)  
  62  5:08  Gateway  
  62  5:10  Probe (Chrono Boost)  
  62  5:13  Shield Battery, Probe (Chrono Boost)  
  64  5:15  Probe (Chrono Boost)  
  64  5:25  Sentry x2, Probe x2 (Chrono Boost)  
  70  5:30  Probe (Chrono Boost)  
  70  5:31  Probe (Chrono Boost)  
  72  5:37  Probe  
  72  5:38  Colossus (Chrono Boost)  
  72  5:42  Probe  
  79  5:43  Protoss Ground Weapons Level 1  
  79  5:47  Gateway  
  79  5:49  Probe  
  79  5:52  Probe  
  79  5:57  Probe  
  79  5:58  Zealot x2, Shield Battery  
  79  6:03  Probe  
  84  6:05  Probe  
  84  6:06  Shield Battery  
  82  6:15  Stalker  
  84  6:21  Pylon x2  
  84  6:33  Charge  
  84  6:36  Colossus (Chrono Boost)  
  84  6:37  Probe  
  84  6:38  Pylon  
  91  6:40  Stalker x4  
  91  6:41  Probe  
  91  6:44  Probe  
  101  6:55  Pylon x2  
  101  6:56  Probe  
  102  7:03  Zealot x3  
  106  7:11  Zealot  
  106  7:15  Gateway  
  106  7:16  Gateway  
  106  7:21  Nexus  
  105  7:23  Colossus (Chrono Boost)  
  105  7:25  Zealot x3  
  105  7:28  Pylon  
  117  7:38  Zealot x2  
  117  7:40  Probe x2  
  123  7:49  Probe  
  120  7:54  Stalker x2  
  120  7:59  Zealot x3  
  114  8:07  Probe  
  114  8:10  Stalker x2  
  119  8:15  Colossus  
  119  8:21  Nexus, Zealot x3  
  125  8:27  Pylon  
  117  8:36  Probe  
  117  8:38  Sentry x3  
  124  8:41  Probe  
  124  8:45  Probe  
  116  8:59  Zealot x4  
  116  9:01  Probe x3  
  119  9:03  Shield Battery  
  119  9:04  Observer  
  119  9:05  Photon Cannon  
  119  9:06  Colossus (Chrono Boost)  
  123  9:11  Zealot x2  
  123  9:13  Probe  
  123  9:14  Probe  
  123  9:16  Probe  
  127  9:23  Dark Shrine  
  126  9:25  Probe  
  126  9:26  Probe  
  126  9:28  Zealot x3  
  133  9:33  Probe  
  133  9:36  Probe  
  133  9:37  Probe  
  122  9:40  Pylon  
  122  9:45  Zealot x2, Stalker x5  
  130  9:47  Probe  
Tags
 
Add a new tag
Caveats
  • Supply blocks, unpowered buildings, or Contaminate may cause inaccurate times.
  • Supply counts are checked every 10 seconds.